 Dungeon Crawl Stone Soup version 0.26-a0-1020-ge47f559bc5 (webtiles) character file.

Game seed: 12739051611657360927

122 Ijustatesigmund the Chopper (level 5, 0/36 HPs)
             Began as an Octopode Fighter on Dec 8, 2020.
             Succumbed to a scorpion's poison
             ... on level 2 of the Dungeon.
             The game lasted 00:02:32 (992 turns).

Ijustatesigmund the Chopper (Octopode Fighter)       Turns: 992, Time: 00:02:32

Health: 0/36       AC:  1    Str: 16    XL:     5   Next: 6%
Magic:  5/5        EV: 11    Int: 10    God:
Gold:   49         SH:  8    Dex: 12    Spells: 4/4 levels left

rFire    . . .     SeeInvis .   a - +0 war axe
rCold    . . .     Faith    .   b - +0 kite shield
rNeg     . . .     Spirit   .   (helmet restricted)
rPois    .         Reflect  .   (no amulet)
rElec    .         Harm     .   (no ring)
rCorr    .         Rampage  .   (no ring)
Will     .....                  (no ring)
Stlth    ++........             (no ring)
HPRegen  0.12/turn              (no ring)
MPRegen  0.09/turn              (no ring)
                                (no ring)
                                (no ring)

@: lethally poisoned (0 -> -18)
A: almost no armour, stealthy swim, amphibious, 8 rings, constrict 8, camouflage
1, gelatinous body 1
a: no special abilities


You were on level 2 of the Dungeon.
You visited 1 branch of the dungeon, and saw 2 of its levels.

You collected 49 gold pieces.

Inventory:

Hand Weapons
 a - a +0 war axe (weapon)
Armour
 b - a +0 kite shield (worn)
Scrolls
 d - a scroll of amnesia {unknown}
 e - 2 scrolls of identify {unknown}
 f - a scroll of remove curse {unknown}
 g - 2 scrolls of fear {unknown}
 h - a scroll of enchant armour {unknown}
 i - a scroll of random uselessness {unknown}
Potions
 c - a potion of might


   Skills:
 - Level 3.0 Fighting
 + Level 5.1 Axes
 - Level 3.0 Dodging
 - Level 3.0 Shields


You had 4 spell levels left.
You didn't know any spells.
Your spell library was empty.

Dungeon Overview and Level Annotations

Branches:
Dungeon (2/15)

Altars:
The Shining One


Innate Abilities, Weirdness & Mutations

You cannot wear most types of armour.
You are very stealthy in the water. (Stealth+)
You are amphibious.
You can wear up to eight rings at the same time.
You can use your tentacles to constrict eight enemies at once.
Your skin changes colour to match your surroundings (Stealth+).
Your rubbery body absorbs attacks. (AC +1, EV +1)


Message History

The scorpion is almost dead.
You constrict the scorpion.
You feel sick. The scorpion stings you!
* * * LOW HITPOINT WARNING * * *
You are more poisoned.
The scorpion poisons you! The scorpion misses you.
Okay, then.
You hit the scorpion.
You kill the scorpion!
* * * LOW HITPOINT WARNING * * *
You feel very sick.
Your Axes skill increases to level 5!
You have reached level 5!
You feel stronger.
* * * LOW HITPOINT WARNING * * *
You feel sick.
* * * LOW HITPOINT WARNING * * *
You feel sick.
* * * LOW HITPOINT WARNING * * *
You feel sick.
You die...

#. #.##.# #.
#.##.#
#.###.##.###
...##..........#
........#.######
.#.##.#.#.#
...####.#.#
......)...#
#..####@###
#.>....†....#
.......#.##.#
#...... ..
#..###. #.# #.
.. .# # ## ##


There were no monsters in sight!

Vanquished Creatures
  A scorpion (D:2)
  An adder (D:2)
  3 gnolls (D:2)
  2 dart slugs
  A leopard gecko (D:2)
  6 bats
  3 goblins
  A hobgoblin (D:2)
  2 jackals (D:1)
  4 frilled lizards
  6 kobolds
  2 rats (D:1)
32 creatures vanquished.

Notes
Turn   | Place    | Note
-------+----------+-------------------------------------------
     0 | D:1      | Ijustatesigmund the Octopode Fighter began the quest for
                  | the Orb.
     0 | D:1      | Reached XP level 1. HP: 16/16 MP: 1/1
   150 | D:1      | Reached XP level 2. HP: 21/21 MP: 2/2
   257 | D:1      | Reached skill level 3 in Axes
   678 | D:2      | Reached XP level 3. HP: 26/26 MP: 3/3
   682 | D:2      | Reached skill level 4 in Axes
   777 | D:2      | Found a glowing golden altar of the Shining One.
   782 | D:2      | Reached XP level 4. HP: 22/31 MP: 4/4
   989 | D:2      | Reached skill level 5 in Axes
   989 | D:2      | Reached XP level 5. HP: 7/36 MP: 5/5
   992 | D:2      | Succumbed to a scorpion's poison

Illustrated notes

Levels and vault maps discovered:
D:1:      nzn_arrival_crosshair, layout_loops_cross
D:2:      layout_basic, nicolae_overflow_crystal_walls, lemuel_tele_altar

Skill      XL: |  1  2  3  4 |
---------------+-------------+-----
Axes           | 3 4 5 |  5.1
Fighting       | |  3.0
Dodging        | |  3.0
Shields        | |  3.0

Action                   |  1- 3 |  4- 6 || total
-------------------------+-------+-------++-------
Melee: War axe           |    43 |    13 ||    56
       Constrict         |    10 |     4 ||    14
       Tentacles         |     3 |     1 ||     4
 Stab: Sleeping          |    10 |       ||    10
Armor: Skin              |     2 |       ||     2
Dodge: Dodged            |    11 |     3 ||    14
Block: Kite shield       |    18 |     4 ||    22

Table legend: (Time is in decaauts)
 A = Elapsed time spent in this place.
 B = Non-inter-level travel time spent in this place.
 C = Inter-level travel time spent in this place.
 D = Time resting spent in this place.
 E = Time spent auto-exploring this place.
 F = Levels seen in this place.
 G = Mean time per level.
                   A        B        C        D        E       F      G
               +--------+--------+--------+--------+--------+-----+--------+
         Total |   1014 |    980 |     34 |    106 |    688 |   2 |  507.0 |
       Dungeon |   1014 |    980 |     34 |    106 |    688 |   2 |  507.0 |
               +--------+--------+--------+--------+--------+-----+--------+

Top non-repeatable levels by time:
     D:1: 681 daAuts
     D:2: 332 daAuts
